 Dungeon Crawl Stone Soup version 0.20.1-1-g8b1a95d (webtiles) character file.

20390 dohliylev the Unseen (level 12, -5/86 HPs)
             Began as a Vampire Enchanter on July 19, 2017.
             Was a High Priest of Nemelex Xobeh.
             Slain by Britaniac's ghost (9 damage)
             ... on level 1 of the Spider Nest on July 20, 2017.
             The game lasted 01:16:15 (14251 turns).

dohliylev the Unseen (Vampire Enchanter)           Turns: 14251, Time: 01:16:16

Health: -5/86      AC:  6    Str:  7    XL:     12   Next: 44%
Magic:  7/19       EV: 21    Int: 28    God:    Nemelex Xobeh [*****.]
Gold:   709        SH:  0    Dex: 14    Spells: 11/21 levels left

rFire    . . .     SeeInvis +   a - +1 dagger
rCold    . . .     Gourm    .   (no shield)
rNeg     . . .     Faith    .   b - +0 robe
rPois    .         Spirit   .   y - +2 hat
rElec    .         Reflect  .   G - +0 cloak
rCorr    .         Harm     .   t - +0 pair of gloves
MR       +....                  (no boots)
Stlth    ++++++....             u - amulet of regeneration
Regen    0.9/turn               h - +5 ring of intelligence
MPRegen  0.2/turn               W - ring of wizardry

@: regenerating quickly
A: fangs 3, see invisible, unbreathing
a: Triple Draw, Deal Four, Stack Five, Renounce Religion


You were on level 1 of the Spider Nest.
You worshipped Nemelex Xobeh.
Nemelex Xobeh was extremely pleased with you.
You were full.

You visited 4 branches of the dungeon, and saw 14 of its levels.
You also visited: Labyrinth.

You collected 709 gold pieces.

Inventory:

Hand Weapons
 a - a +1 dagger (weapon)
Armour
 b - a +0 robe (worn)
 t - a +0 pair of gloves (worn)
 y - a +2 hat (worn)
 G - a +0 cloak (worn)
 Q - a scarf of cloud immunity
Magical Staves
 O - an uncursed staff of poison
 R - an uncursed staff of earth
Jewellery
 h - a +5 ring of intelligence (left hand)
 l - a +3 ring of evasion
 u - an amulet of regeneration (around neck)
 x - an uncursed ring of ice
 z - an uncursed ring of protection from magic
 W - a ring of wizardry (right hand)
 Z - an uncursed ring of fire
Wands
 j - a wand of iceblast (10/15)
 I - a wand of lightning (3/15)
 L - a wand of flame (17/48)
 M - a wand of digging (10/24)
 X - a wand of flame (27/48)
Scrolls
 e - 6 scrolls of enchant weapon
 f - 6 scrolls of fear
 g - 3 scrolls of teleportation
 i - 6 scrolls of enchant armour
 k - 6 scrolls of recharging
 r - 4 scrolls of amnesia
 w - 3 scrolls of fog
 A - 5 scrolls of remove curse
 H - 4 scrolls of blinking
 K - 2 scrolls of magic mapping
Potions
 d - 25 potions of blood
 m - 3 potions of agility
 n - a potion of ambrosia
 o - 9 potions of curing
 p - 2 potions of flight
 q - a potion of brilliance
 s - 2 potions of berserk rage
 C - a potion of cancellation
 F - a potion of might {unknown}
 N - a potion of haste {unknown}
 U - a potion of heal wounds {unknown}
Books
 c - a book of Maledictions

   Spells                             Type                      Level
   a - Corona                         Hexes                        1
   b - Ensorcelled Hibernation        Hexes/Ice                    2
   c - Confuse                        Hexes                        3
   d - Tukima's Dance                 Hexes                        3
   e - Dazzling Spray                 Conjuration/Hexes            3
 P - the Tome of Hedonism
   (You found it on level 9 of the Dungeon)

   Spells                             Type                      Level
   a - Dazzling Spray                 Conjuration/Hexes            3
   b - Static Discharge               Conjuration/Air              3
   c - Cause Fear                     Hexes                        4
   d - Bolt of Cold                   Conjuration/Ice              6
Miscellaneous
 v - a plain deck of destruction
 B - a plain deck of escape
 D - a plain deck of destruction
 E - a legendary deck of escape
 J - a plain deck of summoning
 S - a legendary deck of destruction
 T - a plain deck of summoning
 V - a legendary deck of escape
 Y - an ornate deck of summoning


   Skills:
 - Level 5.0 Fighting
 - Level 10.0 Short Blades
 + Level 13.7 Dodging
 - Level 15.0 Stealth
 - Level 5.1 Spellcasting
 - Level 7.0 Hexes
 - Level 3.0 Ice Magic
 + Level 2.6 Evocations


You had 11 spell levels left.
You knew the following spells:

 Your Spells              Type           Power        Failure   Level  Hunger
a - Corona                Hex            #####..      1%          1    None
b - Ensorcelled Hibernat  Hex/Ice        #####.       1%          2    None
c - Confuse               Hex            #####...     1%          3    #......
d - Cause Fear            Hex            #####.....   1%          4    ###....


Dungeon Overview and Level Annotations

Branches:
Dungeon (9/15)             Temple (1/1) D:5            Lair (3/6) D:9
 Spider (1/4) Lair:3
  Swamp: Lair:2-4    Shoals: Lair:2-4       Orc: D:9-12

Altars:
Ashenzari
Cheibriados
Dithmenos
Elyvilon
Fedhas
Gozag
Kikubaaqudgha
Makhleb
Nemelex Xobeh
Okawaru
Qazlal
Ru
Sif Muna
Trog
Uskayaw
Vehumet
Xom
Yredelemnul
Zin
The Shining One

Shops:
D:7 (   D:8 *

Annotations:
Spider:1 Britaniac's ghost, adept MiBe


Innate Abilities, Weirdness & Mutations

Your natural rate of healing is unusually fast.
You have razor-sharp teeth.
You have supernaturally acute eyesight. (SInv)
You can survive without breathing.


Message History

Britaniac's ghost resists with almost no effort.
Britaniac's ghost hits you!
Casting: Confuse
Confirm with . or Enter, or press ? or * to list all spells.
Aiming: Confuse
Press: ? - help, Shift-Dir - straight line, f/p - Britaniac's ghost
Aim: Britaniac's ghost, wielding a vorpal weapon (chance to defeat MR: 7%) Britaniac's ghost resists with almost no effort.
Britaniac's ghost hits you.
Casting: Confuse
Confirm with . or Enter, or press ? or * to list all spells.
Aiming: Confuse
Press: ? - help, Shift-Dir - straight line, f/p - Britaniac's ghost
Aim: Britaniac's ghost, wielding a vorpal weapon (chance to defeat MR: 7%) Britaniac's ghost resists with almost no effort.
Britaniac's ghost hits you!! Britaniac's ghost hits you!!
* * * LOW HITPOINT WARNING * * *
You die...
Your body glows slightly and disappears.

.##.....## ..#.
.........### ...
##.##.....^...##.#
..##.............# #
#.............# #
#.............# ##
#...........## .#
#.......#.###### †#
###...###.##@..#
.#####....#....W...#.#
..#..................#
..†......#..........##
.....................#
........#............#
........##............#
........##............#
.........##...........#


You could see Britaniac's ghost.

Vanquished Creatures
  A minotaur (Lab)
  2 hydras (Lair:2)
  The ghost of Squonk the Ogre Mage, a novice OgFE of Vehumet (D:8)
  A manticore (D:9)
  A deep elf mage (D:9)
  Joseph (D:9)
  3 spiny frogs
  2 black mambas (Lair:2)
  A komodo dragon (Lair:3)
  A troll (D:9)
  A hornet (D:6)
  4 blink frogs (Lair:1)
  5 hippogriffs
  2 redbacks (Spider:1)
  20 yaks
  A human (D:7)
  3 tarantellas
  Grum (D:8)
  2 hungry ghosts
  A basilisk (Lair:2)
  4 hogs (D:7)
  Menkaure (D:7)
  4 water moccasins
  6 porcupines
  2 orc warriors (D:6)
  3 black bears
  3 ice beasts
  3 phantoms
  A sky beast (D:9)
  7 wolves
  9 ogres
  13 crocodiles
  7 centaurs
  2 big kobolds
  14 bullfrogs
  A wyvern zombie (D:5)
  6 scorpions
  3 killer bees (D:6)
  5 wights
  2 jellies
  4 crimson imps
  Crazy Yiuf (D:6)
  A hound (D:8)
  Natasha (thrice) (D:2)
  Terence (D:1)
  5 iguanas
  2 orc wizards
  15 worker ants
  A killer bee zombie (D:7)
  2 hound skeletons
  5 adders
  4 gnolls (D:7)
  A shadow imp (D:7)
  An ooze (D:2)
  An adder zombie (D:5)
  3 worms
  2 dart slugs
  5 leopard geckos
  11 orcs
  8 giant cockroaches
  8 goblins
  7 hobgoblins
  6 jackals
  28 kobolds
  7 quokkas
  3 ball pythons
  4 bats
  9 frilled lizards
  A jackal zombie (D:6)
  6 rats
  A butterfly (D:6)
306 creatures vanquished.

Vanquished Creatures (others)
  3 fungi (D:9)
  6 plants
9 creatures vanquished.

Grand Total: 315 creatures vanquished

Notes
Turn   | Place    | Note
-------+----------+-------------------------------------------
     0 | D:1      | dohliylev the Vampire Enchanter began the quest for the Orb.
     0 | D:1      | Reached XP level 1. HP: 13/13 MP: 3/3
   252 | D:1      | Reached skill level 5 in Stealth
   417 | D:1      | Reached XP level 2. HP: 19/19 MP: 3/5
   424 | D:1      | Learned a level 2 spell: Ensorcelled Hibernation
   894 | D:2      | Noticed Terence
   927 | D:1      | Killed Terence
   927 | D:1      | Reached skill level 6 in Stealth
   927 | D:1      | Reached XP level 3. HP: 8/25 MP: 1/6
   932 | D:1      | Learned a level 3 spell: Confuse
  1408 | D:2      | Reached XP level 4. HP: 31/31 MP: 7/7
  1469 | D:2      | Reached skill level 7 in Stealth
  1499 | D:2      | Noticed Natasha
  1955 | D:2      | Killed Natasha
  1955 | D:2      | Reached skill level 1 in Ice Magic
  2201 | D:2      | Noticed Natasha
  2362 | D:2      | Killed Natasha
  2362 | D:2      | Reached XP level 5. HP: 36/36 MP: 5/8
  2390 | D:2      | Noticed Natasha
  2394 | D:2      | Killed Natasha
  2704 | D:3      | Found a shadowy altar of Dithmenos.
  2775 | D:3      | Reached skill level 8 in Stealth
  3226 | D:4      | Found a blossoming altar of Fedhas.
  3280 | D:4      | Noticed an ogre
  3316 | D:4      | Killed an ogre
  3316 | D:4      | Reached skill level 9 in Stealth
  3316 | D:4      | Reached XP level 6. HP: 42/42 MP: 4/9
  3468 | D:4      | Reached skill level 1 in Fighting
  4076 | D:5      | Entered Level 5 of the Dungeon
  4255 | D:5      | Reached skill level 10 in Stealth
  4255 | D:5      | Reached XP level 7. HP: 48/48 MP: 10/10
  4382 | D:5      | Reached skill level 5 in Short Blades
  4385 | D:5      | Found a staircase to the Ecumenical Temple.
  4392 | Temple   | Entered the Ecumenical Temple
  4512 | Temple   | Became a worshipper of Nemelex Xobeh the Trickster
  4521 | Temple   | Received a gift from Nemelex Xobeh
  5340 | D:6      | Found a snail-covered altar of Cheibriados.
  5345 | D:6      | Reached skill level 11 in Stealth
  5345 | D:6      | Reached XP level 8. HP: 54/54 MP: 11/11
  5374 | D:6      | Reached * piety under Nemelex Xobeh
  5500 | D:6      | Received a gift from Nemelex Xobeh
  5619 | D:6      | Found a basalt altar of Yredelemnul.
  5731 | D:6      | Reached skill level 12 in Stealth
  5856 | D:6      | Found a runed door.
  5865 | D:6      | Found a runed door.
  5971 | D:6      | Found a runed door.
  5975 | D:6      | Noticed Crazy Yiuf
  5979 | D:6      | Killed Crazy Yiuf
  6213 | D:6      | Reached skill level 5 in Dodging
  6240 | D:6      | Reached XP level 9. HP: 59/59 MP: 2/12
  6431 | D:6      | Found a radiant altar of Vehumet.
  6433 | D:6      | Found a stormy altar of Qazlal.
  6676 | D:6      | Found a basalt altar of Yredelemnul.
  6731 | D:7      | Found Erihuacs's Weapon Boutique.
  7411 | D:7      | Received a gift from Nemelex Xobeh
  7452 | D:7      | Noticed Menkaure
  7614 | D:7      | Killed Menkaure
  7997 | D:7      | Found a sacrificial altar of Ru.
  8000 | D:7      | Found a glowing golden altar of the Shining One.
  8002 | D:7      | Found a white marble altar of Elyvilon.
  8146 | D:7      | Reached skill level 10 in Dodging
  8166 | D:7      | Reached XP level 10. HP: 65/65 MP: 6/13
  8278 | D:7      | Reached ** piety under Nemelex Xobeh
  8667 | D:8      | Noticed Grum
  8668 | D:8      | Killed Grum
  8883 | D:8      | Reached skill level 5 in Hexes
  8904 | D:8      | Found Nolunt's Assorted Antiques.
  8941 | D:8      | Noticed Squonk's ghost (novice OgFE)
  9041 | D:8      | Killed Squonk's ghost
  9041 | D:8      | Reached skill level 13 in Stealth
  9692 | D:9      | Reached skill level 14 in Stealth
  9982 | D:9      | Identified the Tome of Hedonism
  9986 | D:9      | Noticed a deep elf mage
  9993 | D:9      | Noticed a manticore
  9994 | D:9      | Killed a deep elf mage
  9994 | D:9      | Reached skill level 1 in Evocations
  9994 | D:9      | Reached XP level 11. HP: 70/70 MP: 17/17
 10270 | D:9      | Found a staircase to the Lair.
 10281 | D:9      | Received a gift from Nemelex Xobeh
 10325 | D:9      | Learned a level 4 spell: Cause Fear
 10387 | D:9      | Noticed Joseph
 10395 | D:9      | Killed Joseph
 10395 | D:9      | Reached skill level 15 in Stealth
 10592 | D:9      | Reached *** piety under Nemelex Xobeh
 10682 | Lair:1   | Entered Level 1 of the Lair of Beasts
 10704 | Lair:1   | Reached skill level 5 in Spellcasting
 10760 | Lair:1   | Found a labyrinth entrance.
 10792 | Lab      | Entered a labyrinth
 11393 | Lab      | Noticed a minotaur
 11398 | Lab      | Killed a minotaur
 11619 | Lair:1   | Received a gift from Nemelex Xobeh
 11898 | Lair:1   | Reached **** piety under Nemelex Xobeh
 11975 | Lair:1   | Received a gift from Nemelex Xobeh
 11982 | Lair:1   | Reached skill level 10 in Short Blades
 12433 | Lair:2   | Reached skill level 5 in Fighting
 12679 | Lair:2   | Reached XP level 12. HP: 74/86 MP: 11/19
 12861 | Lair:2   | Received a gift from Nemelex Xobeh
 13041 | Lair:2   | Noticed a five-headed hydra
 13048 | Lair:2   | Killed a five-headed hydra
 13201 | Lair:2   | Noticed a four-headed hydra
 13208 | Lair:2   | Killed a four-headed hydra
 13395 | Lair:3   | Reached ***** piety under Nemelex Xobeh
 13402 | Lair:3   | Received a gift from Nemelex Xobeh
 13792 | Lair:3   | Received a gift from Nemelex Xobeh
 13992 | Lair:3   | Found a hole to the Spider Nest.
 14006 | Spider:1 | Entered Level 1 of the Spider Nest
 14092 | Spider:1 | Noticed Britaniac's ghost (adept MiBe)
 14251 | Spider:1 | HP: 4/86 [Britaniac's ghost (32)]
 14251 | Spider:1 | Slain by Britaniac's ghost

Skill      XL: |  1  2  3  4  5  6  7  8  9 10 11 12 |
---------------+-------------------------------------+-----
Stealth        | 5 6 7 9 10 11 12 14 15 | 15.0
Short Blades   | 2 3 6 8 10 | 10.0
Ice Magic      | 1 3 |  3.0
Fighting       | 1 5 |  5.0
Dodging        | 5 10 11 13 | 13.7
Hexes          | 6 7 |  7.0
Spellcasting   | 4 5 |  5.1
Evocations     | 1 2 |  2.6

Action                   |  1- 3 |  4- 6 |  7- 9 | 10-12 || total
-------------------------+-------+-------+-------+-------++-------
Melee: Dagger            |    62 |    85 |   236 |   171 ||   554
       Bite              |     5 |     4 |    23 |     4 ||    36
 Cast: Corona            |     4 |     1 |       |       ||     5
       Ensorcelled Hiber |    18 |    42 |    90 |   154 ||   304
       Confuse           |       |       |    26 |    19 ||    45
 Abil: End Transformatio |       |     2 |       |     1 ||     3
       Bat Form          |       |     2 |       |     1 ||     3
Evoke: Wand              |       |       |       |     2 ||     2
  Use: Potion            |     1 |     4 |     9 |     1 ||    15
       Scroll            |       |       |       |    23 ||    23
 Stab: Sleeping          |    23 |    44 |    63 |   123 ||   253
       Confused          |       |       |    11 |    11 ||    22
  Eat: Corpse            |     1 |     6 |     4 |    18 ||    29
Armor: Robe              |     6 |    16 |    37 |     4 ||    63
Dodge: Dodged            |    23 |    37 |   145 |    70 ||   275
